 Dungeon Crawl Stone Soup version 0.17.0-26-gececa24 (webtiles) character file.

571 Raultor the Changer (level 7, -1/43 HPs)
             Began as an Octopode Transmuter on Nov 19, 2015.
             Was a Follower of Makhleb.
             Killed by nerve-wracking pain
             ... invoked by an orc priest
              (13 damage)
             ... on level 4 of the Dungeon.
             The game lasted 00:14:37 (4466 turns).

Raultor the Changer (Octopode Transmuter)           Turns: 4466, Time: 00:14:37

Health: -1/43      AC:  2    Str: 12      XL:     7   Next: 34%
Magic:  3/10       EV: 19    Int: 13 (15) God:    Makhleb [*.....]
Gold:   172        SH:  0    Dex: 17      Spells: 3 memorised, 2 levels left

rFire  x . .     SeeInvis .       - Unarmed
rCold  + . .     Clarity  .     (shield currently unavailable)
rNeg   . . .     SustAt   .     (helmet currently unavailable)
rPois  x         Gourm    +     y - amulet of the gourmand
rElec  .         Spirit   .     j - ring of ice
rCorr  .         Warding  .     (no ring)
rMut   .         Stasis   .     (no ring)
MR     .....                    (no ring)
Stlth  ++........               (no ring)
                                (no ring)
                                (no ring)
                                (no ring)

@: spider-form, very slightly contaminated, not resistant to hostile
enchantments, unstealthy
A: almost no armour, amphibious, 8 rings, (constrict 8), (camouflage 0),
(gelatinous body 0)
a: End Transformation, Renounce Religion


You were on level 4 of the Dungeon.
You worshipped Makhleb.
Makhleb was aware of your devotion.
You were full.
You were a venomous arachnid creature.
You visited 1 branch of the dungeon, and saw 5 of its levels.

You collected 172 gold pieces.

Inventory:

Missiles
 a - 64 arrows
 h - 143 stones (quivered)
Jewellery
 j - a ring of ice (left front leg)
 y - an amulet of the gourmand (around neck)
Scrolls
 d - 2 scrolls of noise {unknown}
 e - 2 scrolls of remove curse {unknown}
 g - 3 scrolls of enchant weapon {unknown}
 i - 3 scrolls of blinking {unknown}
 m - 2 scrolls of fear {unknown}
 n - 4 scrolls of identify {unknown}
 q - a scroll of magic mapping {unknown}
 r - 2 scrolls of enchant armour {unknown}
 t - a scroll of recharging {unknown}
Potions
 f - a potion of haste
 o - a potion of brilliance {unknown}
 v - a potion of agility
 z - a potion of might {unknown}
Books
 b - a book of Changes

   Spells                             Type                      Level
   a - Beastly Appendage              Transmutation                1
   b - Sticks to Snakes               Transmutation                2
   c - Spider Form                    Transmutation/Poison         3
   d - Ice Form                       Ice/Transmutation            4
   e - Blade Hands                    Transmutation                5
Comestibles
 c - 5 bread rations
 l - a meat ration
 p - 2 beef jerkies
 s - a royal jelly
 x - a slice of pizza


   Skills:
 - Level 1.0 Fighting
 - Level 2.0 Dodging
 - Level 3.0 Unarmed Combat
 - Level 2.0 Spellcasting
 + Level 6.8 Transmutations
 * Level 3.5 Ice Magic


You had 2 spell levels left.
You knew the following spells:

 Your Spells              Type           Power        Failure   Level  Hunger
a - Beastly Appendage     Trmt           ###...       6%          1    ##.....
b - Spider Form           Trmt/Pois      ##........   41%         3    ####...
c - Ice Form              Ice/Trmt       ###.....     56%         4    #####..


Dungeon Overview and Level Annotations

Branches:
Dungeon (5/15)
 Temple: D:4-7

Altars:
Ashenzari
Kikubaaqudgha
Makhleb
Nemelex Xobeh
Okawaru
Ru
Sif Muna
Trog
Vehumet
Xom
Yredelemnul
The Shining One


Innate Abilities, Weirdness & Mutations

You cannot wear most types of armour.
You are amphibious.
You can wear up to eight rings at the same time.
((You can use your tentacles to constrict eight enemies at once.))
((Your skin changes colour to match your surroundings (Stealth).))
((Your rubbery body absorbs attacks (AC +1).))


Message History

An ogre comes into view. It is wielding a giant club.
Your transformation has ended.
Casting: Spider Form
Confirm with . or Enter, or press ? or * to list all spells.
You turn into a venomous arachnid creature.
The quokka misses you. The quokka barely misses you.
You hit the quokka.
The quokka is poisoned.
The quokka is heavily wounded.
You kill the quokka!
Makhleb accepts your kill.
The ogre shouts!
You see here a quokka corpse.
You butcher the quokka corpse.
Things that are here:
a chunk of flesh; a quokka skeleton
There is a stone staircase leading up here.
You climb upwards.
The orc closely misses you.
The orc priest mumbles some strange prayers to Beogh against you.
Pain shoots through your body!
You die...

..#.....................###
..#.......................#
.......................##.#
..##....#.#............##.######
(....(.##.# ...........##......#
..##....#.# ......############.##
........#.######..############...
....#.....o.o..o.................
....##.##.####o.so...#########...
....#####.###.........#### ##..
........................... ...
#.....!...............##### ...
#.........###.........# #..
#........................ ###
..........###############
#.........# #.........#


You could see an orc priest and 4 orcs.

Vanquished Creatures
  An ogre (D:4)
  A phantom (D:3)
  Blork the orc (D:4)
  A scorpion (D:4)
  A hound (D:4)
  An orc priest (D:3)
  3 orc wizards
  A hound skeleton (D:4)
  4 adders
  An ooze (D:1)
  4 worms
  A giant gecko (D:3)
  15 orcs
  5 bats
  3 giant cockroaches
  9 goblins
  6 hobgoblins
  2 quokkas
  3 ball pythons
  2 giant newts
  8 kobolds
  10 rats
83 creatures vanquished.

Notes
Turn   | Place    | Note
--------------------------------------------------------------
     0 | D:1      | Raultor the Octopode Transmuter began the quest for the Orb.
     0 | D:1      | Reached XP level 1. HP: 13/13 MP: 3/3
   421 | D:1      | Reached XP level 2. HP: 9/18 MP: 5/5
  1166 | D:2      | Reached XP level 3. HP: 15/23 MP: 6/6
  1171 | D:2      | Learned a level 3 spell: Spider Form
  1618 | D:2      | Found a sparkling altar of Nemelex Xobeh.
  1637 | D:2      | Reached skill level 4 in Transmutations
  1898 | D:2      | Reached XP level 4. HP: 19/28 MP: 7/7
  2035 | D:2      | Found an ancient bone altar of Kikubaaqudgha.
  2039 | D:2      | Found a deep blue altar of Sif Muna.
  2039 | D:2      | Found a shattered altar of Ashenzari.
  2044 | D:2      | Found a glowing golden altar of the Shining One.
  2207 | D:2      | Found a bloodstained altar of Trog.
  2213 | D:2      | Found an iron altar of Okawaru.
  2214 | D:2      | Found a burning altar of Makhleb.
  2214 | D:2      | Found a shimmering altar of Xom.
  2228 | D:2      | Found a basalt altar of Yredelemnul.
  2231 | D:2      | Found a radiant altar of Vehumet.
  2234 | D:2      | Became a worshipper of Makhleb the Destroyer
  2462 | D:3      | Reached skill level 5 in Transmutations
  2462 | D:3      | Reached XP level 5. HP: 33/33 MP: 3/8
  2468 | D:3      | Learned a level 4 spell: Ice Form
  2732 | D:3      | Found a sacrificial altar of Ru.
  3232 | D:3      | Reached * piety under Makhleb
  3258 | D:4      | Noticed a phantom
  3281 | D:3      | Killed a phantom
  3281 | D:3      | Reached skill level 1 in Ice Magic
  3281 | D:3      | Reached XP level 6. HP: 27/38 MP: 6/9
  3284 | D:4      | Noticed an ogre
  3325 | D:4      | Killed an ogre
  3325 | D:4      | Reached skill level 6 in Transmutations
  3392 | D:4      | Noticed Blork the orc
  3404 | D:4      | Killed Blork the orc
  3404 | D:4      | Reached XP level 7. HP: 3/43 MP: 7/10
  3771 | D:4      | HP: 2/43 [orc wizard/dagger (2)]
  4435 | D:4      | HP: 1/43 [orc priest/divine providence (13)]
  4454 | D:5      | Entered Level 5 of the Dungeon
  4466 | D:4      | Killed from afar by an orc priest

Action                   |  1- 3 |  4- 6 |  7- 9 || total
-------------------------+-------+-------+-------++-------
Melee: Unarmed           |    91 |   117 |    47 ||   255
Throw: Stone             |       |       |     1 ||     1
 Cast: Spider Form       |       |    10 |     5 ||    15
       Beastly Appendage |       |       |     1 ||     1
  Use: Potion            |       |       |     4 ||     4
 Stab: Sleeping          |     4 |     2 |     1 ||     7
  Eat: Chunk             |     3 |    20 |     2 ||    25
